| TOP OF THE 1ST |
|
Washington Nationals batting - Pitching for Arizona Diamondbacks : RHP Tong-myeon Moon
|
|
Pitching: RHP Tong-myeon Moon
|
|
|
Batting: LHB R.J. O'Brien
|
0-0: Ball 1-0: Ball 2-0: SOLO HOME RUN (Flyball, 9LD, EV 92.5 MPH), Distance : 341 ft
|
|
Batting: RHB C.J. Beavers
|
0-0: Swinging Strike 0-1: Ball 1-1: Ball 2-1: Fly out, F5 (Line Drive, 56, EV 63.1 MPH)
|
|
Batting: RHB Adam Burke
|
0-0: Swinging Strike 0-1: Ball 1-1: Foul Ball, location: 2F 1-2: Fly out, F4 (Popup, 4, EV 68.1 MPH)
|
|
Batting: RHB Luis Torres
|
0-0: Called Strike 0-1: Ball 1-1: Ball 2-1: Foul Ball, location: 2F 2-2: Ball 3-2: Fly out, F9 (Line Drive, 9D, EV 86.9 MPH)
|
| Top of the 1st over - 1 run, 1 hit, 0 errors, 0 left on base; Washington 1 - Arizona 0 |
| BOTTOM OF THE 1ST |
|
Arizona Diamondbacks batting - Pitching for Washington Nationals : LHP Dale Ahernfeld
|
|
Pitching: LHP Dale Ahernfeld
|
|
|
Batting: RHB Katilimomi Kelekolio
|
0-0: Ball 1-0: Fly out, F8 (Flyball, 8RXD, EV 105.6 MPH)
|
|
Batting: SHB Perry Tuckfard
|
0-0: Ball 1-0: Swinging Strike 1-1: Ball 2-1: Ground out 6-3 (Groundball, 6, EV 83.1 MPH)
|
|
Batting: RHB David Price Jr.
|
0-0: Called Strike 0-1: Ball 1-1: Called Strike 1-2: Foul Ball, location: 2F 1-2: Ball 2-2: SINGLE (Line Drive, 3D, EV 98.1 MPH)
|
|
Batting: RHB Andy Swaim
|
0-0: Ball 1-0: Called Strike 1-1: Foul Ball, location: 2F 1-2: Ground out 4-3 (Groundball, 34, EV 80.6 MPH)
|
| Bottom of the 1st over - 0 runs, 1 hit, 0 errors, 1 left on base; Washington 1 - Arizona 0 |
| TOP OF THE 2ND |
|
Washington Nationals batting - Pitching for Arizona Diamondbacks : RHP Tong-myeon Moon
|
|
Batting: RHB Dan Fallon
|
0-0: Ball 1-0: Called Strike 1-1: Ball 2-1: Ground out 5-3 (Groundball, 56, EV 89.4 MPH)
|
|
Batting: LHB Alexis Cantu
|
0-0: Foul Ball, location: 2F 0-1: Foul Ball, location: 2F 0-2: Ball 1-2: Ball 2-2: Foul Ball, location: 2F 2-2: SINGLE (Flyball, 8LS, EV 95.6 MPH)
|
|
Batting: RHB Luis Ramos
|
0-0: Foul Ball, location: 2F 0-1: Foul Ball, location: 2F 0-2: Foul Ball, location: 2F 0-2: Ball 1-2: Grounds into double play, 4-6-3 (Groundball, 4M, EV 100.6 MPH)
|
| Top of the 2nd over - 0 runs, 1 hit, 0 errors, 0 left on base; Washington 1 - Arizona 0 |
| BOTTOM OF THE 2ND |
|
Arizona Diamondbacks batting - Pitching for Washington Nationals : LHP Dale Ahernfeld
|
|
Batting: RHB Billy Crookston
|
0-0: Called Strike 0-1: SINGLE (Line Drive, 5D, EV 99.4 MPH)
|
|
Batting: RHB Jon Solano
|
0-0: Fly out, F8 (Flyball, 89M, EV 83.1 MPH)
|
|
Batting: SHB Warren Eisner
|
0-0: Called Strike 0-1: Ball Wild Pitch! Billy Crookston to second 1-1: Foul Ball, location: 2F 1-2: Ball 2-2: Foul Ball, location: 2F 2-2: Ball 3-2: Strikes out swinging
|
|
Batting: LHB Roy Steigerwald
|
0-0: Swinging Strike 0-1: Ball 1-1: Called Strike 1-2: Ball 2-2: Foul Ball, location: 2F 2-2: Foul Ball, location: 2F 2-2: SINGLE (Flyball, 34D, EV 91.9 MPH) Billy Crookston to third
|
|
Batting: LHB Jeff Densmore
|
0-0: Hit by Pitch Roy Steigerwald to second
|
|
Batting: RHB Katilimomi Kelekolio
|
0-0: Called Strike 0-1: Ball 1-1: Fielders Choice at 2nd, 4-6 (Groundball, 4MD, EV 84.4 MPH)
|
| Bottom of the 2nd over - 0 runs, 2 hits, 0 errors, 3 left on base; Washington 1 - Arizona 0 |
| TOP OF THE 3RD |
|
Washington Nationals batting - Pitching for Arizona Diamondbacks : RHP Tong-myeon Moon
|
|
Batting: RHB Justin Bonner
|
0-0: Foul Ball, location: 2F 0-1: Ball 1-1: Called Strike 1-2: Ball 2-2: Ground out 5-3 (Groundball, 56S, EV 81.2 MPH)
|
|
Batting: RHB Masashi Yukizawa
|
0-0: Ball 1-0: Called Strike 1-1: Foul Ball, location: 2F 1-2: Ground out 5-3 (Groundball, 56S, EV 75.6 MPH)
|
|
Batting: LHB R.J. O'Brien
|
0-0: Ball 1-0: Foul Ball, location: 2F 1-1: Ball 2-1: Ball 3-1: Fly out, F8 (Flyball, 78D, EV 98.1 MPH)
|
| Top of the 3rd over - 0 runs, 0 hits, 0 errors, 0 left on base; Washington 1 - Arizona 0 |
| BOTTOM OF THE 3RD |
|
Arizona Diamondbacks batting - Pitching for Washington Nationals : LHP Dale Ahernfeld
|
|
Batting: SHB Perry Tuckfard
|
0-0: Ground out 5-3 (Groundball, 56, EV 103.1 MPH)
|
|
Pitching: LHP Jaden Asante
|
|
|
Batting: RHB David Price Jr.
|
0-0: Ball 1-0: Fly out, F8 (Flyball, 8LD, EV 110.0 MPH)
|
|
Batting: RHB Andy Swaim
|
0-0: Called Strike 0-1: Swinging Strike 0-2: Strikes out swinging
|
| Bottom of the 3rd over - 0 runs, 0 hits, 0 errors, 0 left on base; Washington 1 - Arizona 0 |
| TOP OF THE 4TH |
|
Washington Nationals batting - Pitching for Arizona Diamondbacks : RHP Tong-myeon Moon
|
|
Batting: RHB C.J. Beavers
|
0-0: Called Strike 0-1: Swinging Strike 0-2: Strikes out looking
|
|
Batting: RHB Adam Burke
|
0-0: Ball 1-0: Ball 2-0: Foul Ball, location: 2F 2-1: Ground out 1-3 (Groundball, 13S, EV 61.9 MPH)
|
|
Batting: RHB Luis Torres
|
0-0: Ball 1-0: Ball 2-0: Swinging Strike 2-1: SINGLE (Groundball, 56D, EV 105.6 MPH)
|
|
Batting: RHB Dan Fallon
|
0-0: Ball 1-0: Ball 2-0: Called Strike 2-1: Swinging Strike 2-2: Strikes out swinging
|
| Top of the 4th over - 0 runs, 1 hit, 0 errors, 1 left on base; Washington 1 - Arizona 0 |
| BOTTOM OF THE 4TH |
|
Arizona Diamondbacks batting - Pitching for Washington Nationals : LHP Jaden Asante
|
|
Batting: RHB Billy Crookston
|
0-0: Ball 1-0: Fly out, F7 (Flyball, 78S, EV 83.8 MPH)
|
|
Batting: RHB Jon Solano
|
0-0: Called Strike 0-1: Ball 1-1: Ball 2-1: Called Strike 2-2: DOUBLE (Flyball, 8LXD, EV 110.6 MPH)
|
|
Batting: SHB Warren Eisner
|
0-0: Hit by Pitch
|
|
Batting: LHB Roy Steigerwald
|
0-0: Fly out, F8 (Flyball, 8LD, EV 109.4 MPH)
|
|
Batting: LHB Jeff Densmore
|
0-0: Swinging Strike 0-1: Foul Ball, location: 2F 0-2: Fly out, F9 (Flyball, 9D, EV 108.8 MPH)
|
| Bottom of the 4th over - 0 runs, 1 hit, 0 errors, 2 left on base; Washington 1 - Arizona 0 |
| TOP OF THE 5TH |
|
Washington Nationals batting - Pitching for Arizona Diamondbacks : RHP Tong-myeon Moon
|
|
Batting: LHB Alexis Cantu
|
0-0: Ball 1-0: Foul Ball, location: 2F 1-1: Called Strike 1-2: Ball 2-2: Foul Ball, location: 2F 2-2: Strikes out swinging
|
|
Batting: RHB Luis Ramos
|
0-0: Called Strike 0-1: Ball 1-1: Foul Ball, location: 2F 1-2: Foul Ball, location: 2F 1-2: Ball 2-2: Ground out 4-3 (Groundball, 4M, EV 108.1 MPH)
|
|
Batting: RHB Justin Bonner
|
0-0: Ball 1-0: SOLO HOME RUN (Flyball, 78XD, EV 102.5 MPH), Distance : 407 ft
|
|
Batting: RHB Masashi Yukizawa
|
0-0: Foul Ball, location: 2F 0-1: Ball 1-1: TRIPLE (Line Drive, 78XD, EV 102.5 MPH)
|
|
Batting: LHB R.J. O'Brien
|
0-0: Ball 1-0: Swinging Strike 1-1: Ball 2-1: Ground out 4-3 (Groundball, 4S, EV 66.9 MPH)
|
| Top of the 5th over - 1 run, 2 hits, 0 errors, 1 left on base; Washington 2 - Arizona 0 |
| BOTTOM OF THE 5TH |
|
Arizona Diamondbacks batting - Pitching for Washington Nationals : LHP Jaden Asante
|
|
Batting: RHB Katilimomi Kelekolio
|
0-0: Ball 1-0: Ball 2-0: Called Strike 2-1: Swinging Strike 2-2: Foul Ball, location: 2F 2-2: Foul Ball, location: 2F 2-2: Ball 3-2: Base on Balls
|
|
Batting: SHB Perry Tuckfard
|
0-0: Ball Katilimomi Kelekolio is caught stealing 2nd base 2-4 1-0: Called Strike 1-1: Fly out, F2 (Popup, 3SF, EV 81.2 MPH)
|
|
Batting: RHB David Price Jr.
|
0-0: Foul Ball, location: 2F 0-1: Ball 1-1: Ball 2-1: Foul Ball, location: 2F 2-2: Ball 3-2: Foul Ball, location: 2F 3-2: Base on Balls
|
|
Batting: RHB Andy Swaim
|
0-0: Ball 1-0: Called Strike 1-1: Called Strike 1-2: Ball David Price Jr. steals 2nd base (no throw) 2-2: Strikes out swinging
|
| Bottom of the 5th over - 0 runs, 0 hits, 0 errors, 1 left on base; Washington 2 - Arizona 0 |
| TOP OF THE 6TH |
|
Washington Nationals batting - Pitching for Arizona Diamondbacks : RHP Tong-myeon Moon
|
|
Batting: RHB C.J. Beavers
|
0-0: Bunt for hit to P - play at first, batter safe!
|
|
Batting: RHB Adam Burke
|
0-0: Ball 1-0: Ball 2-0: Called Strike 2-1: Ball 3-1: Base on Balls C.J. Beavers to second
|
|
Batting: RHB Luis Torres
|
0-0: Foul Ball, location: 2F 0-1: Ball 1-1: Fly out, F8 (Flyball, 8RD, EV 89.4 MPH)
|
|
Batting: RHB Dan Fallon
|
0-0: Called Strike 0-1: Ball 1-1: Foul Ball, location: 2F 1-2: Foul Ball, location: 2F 1-2: Ball 2-2: Foul Ball, location: 2F 2-2: Ball 3-2: Foul Ball, location: 2F 3-2: Strikes out swinging
|
|
Batting: LHB Alexis Cantu
|
0-0: Called Strike 0-1: Called Strike 0-2: Ball 1-2: Strikes out swinging
|
| Top of the 6th over - 0 runs, 1 hit, 0 errors, 2 left on base; Washington 2 - Arizona 0 |
| BOTTOM OF THE 6TH |
|
Arizona Diamondbacks batting - Pitching for Washington Nationals : LHP Jaden Asante
|
|
Batting: RHB Billy Crookston
|
0-0: Called Strike 0-1: SINGLE (Groundball, 4MD, EV 100.6 MPH)
|
|
Batting: RHB Jon Solano
|
0-0: Fly out, F9 (Flyball, 9LM, EV 98.8 MPH)
|
|
Batting: SHB Warren Eisner
|
0-0: Called Strike 0-1: Ball 1-1: Ball 2-1: Foul Ball, location: 2F 2-2: Strikes out swinging
|
|
Pitching: RHP Lionardo Rabelo
|
|
|
Batting: LHB Roy Steigerwald
|
0-0: Ball 1-0: Ball 2-0: Called Strike 2-1: Foul Ball, location: 2F 2-2: Foul Ball, location: 2F 2-2: Fly out, F9 (Flyball, 9, EV 79.4 MPH)
|
| Bottom of the 6th over - 0 runs, 1 hit, 0 errors, 1 left on base; Washington 2 - Arizona 0 |
| TOP OF THE 7TH |
|
Washington Nationals batting - Pitching for Arizona Diamondbacks : RHP Tong-myeon Moon
|
|
Pitching: RHP David Mendoza
|
|
|
Batting: RHB Luis Ramos
|
0-0: Fly out, F7 (Flyball, 7S, EV 88.8 MPH)
|
|
Batting: RHB Justin Bonner
|
0-0: Ground out 6-3 (Groundball, 6, EV 96.9 MPH)
|
|
Batting: RHB Masashi Yukizawa
|
0-0: SINGLE (Groundball, 56D, EV 106.2 MPH)
|
|
Batting: LHB R.J. O'Brien
|
0-0: Ball Masashi Yukizawa steals 2nd base 1-0: Ball 2-0: Called Strike 2-1: Ball 3-1: Fly out, F1 (Line Drive, P, EV 64.4 MPH)
|
| Top of the 7th over - 0 runs, 1 hit, 0 errors, 1 left on base; Washington 2 - Arizona 0 |
| BOTTOM OF THE 7TH |
|
Arizona Diamondbacks batting - Pitching for Washington Nationals : RHP Lionardo Rabelo
|
|
Batting: LHB Jeff Densmore
|
0-0: Called Strike 0-1: Ball 1-1: Ball 2-1: Ball 3-1: Foul Ball, location: 2F 3-2: Foul Ball, location: 2F 3-2: Strikes out swinging
|
|
Batting: RHB Katilimomi Kelekolio
|
0-0: DOUBLE (Flyball, 89D, EV 91.9 MPH)
|
|
Batting: SHB Perry Tuckfard
|
0-0: Swinging Strike 0-1: SINGLE (Groundball, 34D, EV 97.5 MPH) Katilimomi Kelekolio to third
|
|
Pinch Hitting: SHB Alec Thorpe
|
0-0: Foul Ball, location: 2F 0-1: Foul Ball, location: 2F 0-2: Ball 1-2: Foul Ball, location: 2F 1-2: Ball 2-2: Ball 3-2: Grounds into double play, 6-4-3 (Groundball, 56, EV 85.0 MPH)
|
| Bottom of the 7th over - 0 runs, 2 hits, 0 errors, 1 left on base; Washington 2 - Arizona 0 |
| TOP OF THE 8TH |
|
Washington Nationals batting - Pitching for Arizona Diamondbacks : RHP David Mendoza
|
|
Now in LF: Roy Steigerwald
|
|
|
Now in CF: Andrew Wray II
|
|
|
Batting: RHB C.J. Beavers
|
0-0: Called Strike 0-1: Swinging Strike 0-2: Strikes out looking
|
|
Batting: RHB Adam Burke
|
0-0: Called Strike 0-1: Ball 1-1: Ball 2-1: Ground out U3 (Groundball, 3, EV 103.8 MPH)
|
|
Batting: RHB Luis Torres
|
0-0: Ball 1-0: Called Strike 1-1: Ball 2-1: Foul Ball, location: 2F 2-2: Strikes out swinging
|
| Top of the 8th over - 0 runs, 0 hits, 0 errors, 0 left on base; Washington 2 - Arizona 0 |
| BOTTOM OF THE 8TH |
|
Arizona Diamondbacks batting - Pitching for Washington Nationals : RHP Lionardo Rabelo
|
|
Pitching: LHP Keith Pratt
|
|
|
Batting: RHB Andy Swaim
|
0-0: Ball 1-0: Ball 2-0: Foul Ball, location: 2F 2-1: Foul Ball, location: 2F 2-2: Ball 3-2: Fly out, F9 (Flyball, 89M, EV 79.4 MPH)
|
|
Batting: RHB Billy Crookston
|
0-0: Called Strike 0-1: Fly out, F7 (Flyball, 7LSF, EV 88.1 MPH)
|
|
Batting: RHB Jon Solano
|
0-0: Ball 1-0: Ground out 4-3 (Groundball, 4, EV 85.0 MPH)
|
| Bottom of the 8th over - 0 runs, 0 hits, 0 errors, 0 left on base; Washington 2 - Arizona 0 |
| TOP OF THE 9TH |
|
Washington Nationals batting - Pitching for Arizona Diamondbacks : RHP David Mendoza
|
|
Pitching: LHP Chris Baran
|
|
|
Batting: RHB Dan Fallon
|
0-0: Ball 1-0: Ball 2-0: Foul Ball, location: 2F 2-1: Foul Ball, location: 2F 2-2: Strikes out swinging
|
|
Batting: LHB Alexis Cantu
|
0-0: Ball 1-0: Called Strike 1-1: Foul Ball, location: 2F 1-2: Strikes out swinging
|
|
Batting: RHB Luis Ramos
|
0-0: Called Strike 0-1: Ball 1-1: Called Strike 1-2: Ground out 6-3 (Groundball, 6, EV 103.1 MPH)
|
| Top of the 9th over - 0 runs, 0 hits, 0 errors, 0 left on base; Washington 2 - Arizona 0 |
| BOTTOM OF THE 9TH |
|
Arizona Diamondbacks batting - Pitching for Washington Nationals : LHP Keith Pratt
|
|
Pitching: RHP Jakub Kvacek
|
|
|
Batting: SHB Warren Eisner
|
0-0: Ball 1-0: SINGLE (Line Drive, 6D, EV 100.0 MPH)
|
|
Batting: LHB Roy Steigerwald
|
0-0: Foul Ball, location: 2F 0-1: DOUBLE (Line Drive, 5D, EV 101.2 MPH) Warren Eisner to third
|
|
Batting: LHB Jeff Densmore
|
0-0: Called Strike 0-1: Swinging Strike 0-2: Ball 1-2: Strikes out swinging
|
|
Batting: RHB Katilimomi Kelekolio
|
0-0: Ball 1-0: Ball 2-0: Called Strike 2-1: Foul Ball, location: 2F 2-2: Foul Ball, location: 2F 2-2: Ball 3-2: Fly out, F8 (Flyball, 89D, EV 101.9 MPH)
|
|
Batting: SHB Perry Tuckfard
|
0-0: Swinging Strike 0-1: Ground out 4-3 (Groundball, 4, EV 81.2 MPH)
|
| Bottom of the 9th over - 0 runs, 2 hits, 0 errors, 2 left on base; Washington 2 - Arizona 0 |
|